 Dungeon Crawl Stone Soup version 0.20-a0-949-g916514f (webtiles) character file.

1225 Hybris the Summoner (level 8, -2/52 HPs)
             Began as a Barachi Summoner on Apr 4, 2017.
             Slain by an orc warrior
             ... wielding a +0 mace
              (13 damage)
             ... on level 6 of the Dungeon.
             The game lasted 00:21:34 (7015 turns).

Hybris the Summoner (Barachi Summoner)              Turns: 7015, Time: 00:21:35

Health: -2/52      AC: 12    Str:  9    XL:     8   Next: 47%
Magic:  11/11      EV: 10    Int: 19    God:
Gold:   348        SH:  0    Dex: 12    Spells: 2/11 levels left

rFire    . . .     SeeInvis .   m - +2 hand axe (venom)
rCold    . . .     Gourm    .   (no shield)
rNeg     + . .     Faith    .   A - +2 scale mail {rN+}
rPois    .         Spirit   .   (no helmet)
rElec    .         Reflect  .   (no cloak)
rCorr    .         Harm     .   l - +2 pair of gloves
MR       .....                  (no boots)
Stlth    ..........             a - amulet of regeneration
Regen    0.6/turn               (no ring)
MPRegen  0.2/turn               (no ring)

@: confused, slow
A: +LOS, swims, slowness 1, strong legs 1
a: Hop


You were on level 6 of the Dungeon.
You were hungry.

You visited 1 branch of the dungeon, and saw 6 of its levels.

You collected 348 gold pieces.

Inventory:

Hand Weapons
 m - a +2 hand axe of venom (weapon)
Armour
 l - a +2 pair of gloves (worn)
 n - a +0 leather armour
 A - a +2 scale mail of positive energy (worn)
Jewellery
 a - an amulet of regeneration (around neck)
Wands
 i - a wand of lightning (9/15)
 q - a wand of confusion (17/48)
 x - a wand of lightning (5/15)
Scrolls
 d - 2 scrolls of fog
 k - 6 scrolls of identify
 o - a scroll of amnesia
 r - a scroll of brand weapon {unknown}
 z - a scroll of remove curse
 B - 3 scrolls of teleportation
Potions
 e - a potion of magic
 j - a potion of heal wounds {unknown}
 p - a potion of ambrosia
 s - a potion of invisibility {unknown}
 t - a potion of lignification
 u - 2 potions of might {unknown}
 v - a potion of resistance {unknown}
 w - a potion of haste
 C - a potion of degeneration {unknown}
Books
 b - a book of Callings

   Spells                             Type                      Level
   a - Summon Small Mammal            Summoning                    1
   b - Call Imp                       Summoning                    2
   c - Call Canine Familiar           Summoning                    3
   d - Summon Guardian Golem          Hexes/Summoning              3
   e - Summon Lightning Spire         Summoning/Air                4
   f - Summon Ice Beast               Ice/Summoning                4
Comestibles
 c - 6 bread rations
 f - 5 chunks of flesh
 g - 7 meat rations
 h - 2 royal jellies


   Skills:
 + Level 2.4 Axes
 * Level 4.3 Armour
 - Level 5.3 Dodging
 - Level 1.7 Stealth
 - Level 2.1 Spellcasting
 * Level 10.1 Summonings


You had 2 spell levels left.
You knew the following spells:

 Your Spells              Type           Power        Failure   Level  Hunger
a - Summon Small Mammal   Summ           ####         1%          1    #......
b - Call Imp              Summ           #####...     2%          2    ##.....
c - Call Canine Familiar  Summ           #####...     8%          3    ###....
d - Summon Guardian Gole  Hex/Summ       ###.....     45%         3    ###....


Dungeon Overview and Level Annotations

Branches:
Dungeon (6/15)
 Temple: D:4-7

Altars:

Annotations:
D:4 Azzok's ghost, novice FoFi


Innate Abilities, Weirdness & Mutations

Shadows flee at your approach. (+LOS)
You can swim through water.
You cover ground slowly.
You can hop short distances.


Message History

The orc hits something but does no damage.
Your quokka closely misses the orc warrior.
The orc misses your crimson imp.
Your crimson imp hits the orc warrior but does no damage.
The orc warrior hits your quokka with a mace!
Your quokka dies!
Your quokka's corpse disappears in a puff of smoke!
The orc warrior hits you with a mace!
* * * LOW HITPOINT WARNING * * *
You are confused.
You feel invigorated.
Your crimson imp barely misses the orc warrior.
The orc misses your crimson imp. The orc barely misses your crimson imp.
Your crimson imp blinks! x2
The orc warrior hits you with a mace!
* * * LOW HITPOINT WARNING * * *
The orc warrior hits you with a mace!
* * * LOW HITPOINT WARNING * * *
The orc warrior hits you with a mace!
You die...

# ### . ..# ####### ##########.#
#.....#
#..........######.....#######
#'#######..#....+............
...# #..#.####.....#######
..(######..#.####.#.....(...#####
....>.....roo..o..5..............
#'#....[#..#.(oo@.........#.#####
#.##.##.#r.##########.###.#.#
#.....).#.o.........#.# #.#.# ###
####..)).....(......... .........
.....##.#.o...........###.#.#####
#######....).######.### #.#.#
######.# #. ....# #o# #. #.## #'#


You could see 2 orc warriors, 3 orcs, a friendly crimson imp and a friendly
quokka.

Vanquished Creatures
  Grinder (D:3)
  An orc warrior (D:6)
  An ogre (D:3)
  A scorpion (D:5)
  2 bullfrog skeletons (D:5)
  A hound (D:5)
  An orc priest (D:3)
  An iguana (D:5)
  6 orc wizards
  5 worker ants
  A howler monkey zombie (D:5)
  4 adders
  An adder zombie (D:6)
  A worm (D:5)
  A dart slug (D:2)
  5 leopard geckos
  10 orcs
  4 bats
  4 giant cockroaches
  14 goblins
  7 hobgoblins
  A quokka (D:2)
  3 frilled lizards
  5 kobolds
  A quokka skeleton (D:6)
  5 rats
87 creatures vanquished.

Vanquished Creatures (collateral kills)
  An ice beast (D:5)
  A sky beast (D:5)
  2 ogres
  2 scorpions (D:4)
  An iguana (D:4)
  A howler monkey skeleton (D:4)
  4 gnolls (D:3)
  2 adders (D:4)
  An adder skeleton (D:4)
  A dart slug (D:1)
  A leopard gecko (D:3)
  11 orcs
  2 giant cockroaches
  4 hobgoblins
  7 kobolds
  2 quokkas
  A frilled lizard (D:1)
  5 goblins
  A jackal skeleton (D:3)
  3 rats
53 creatures vanquished.

Grand Total: 140 creatures vanquished

Notes
Turn   | Place    | Note
-------+----------+-------------------------------------------
     0 | D:1      | Hybris the Barachi Summoner began the quest for the Orb.
     0 | D:1      | Reached XP level 1. HP: 13/13 MP: 3/3
    62 | D:1      | Reached skill level 5 in Summonings
   432 | D:1      | Reached XP level 2. HP: 5/19 MP: 0/5
   704 | D:1      | Learned a level 2 spell: Call Imp
  1691 | D:2      | Reached XP level 3. HP: 24/24 MP: 6/6
  2029 | D:2      | Reached skill level 6 in Summonings
  2378 | D:3      | Noticed Grinder
  2397 | D:3      | Killed Grinder
  2397 | D:3      | Reached skill level 7 in Summonings
  2397 | D:3      | Reached XP level 4. HP: 18/30 MP: 2/7
  2397 | D:3      | Reached XP level 5. HP: 21/35 MP: 2/8
  2397 | D:3      | Reached XP level 6. HP: 25/41 MP: 2/9
  2564 | D:3      | Learned a level 3 spell: Call Canine Familiar
  2568 | D:3      | Learned a level 3 spell: Summon Guardian Golem
  3137 | D:3      | Reached skill level 8 in Summonings
  3679 | D:4      | Reached XP level 7. HP: 46/46 MP: 6/10
  3688 | D:4      | Reached skill level 5 in Dodging
  3797 | D:4      | Noticed Azzok's ghost (novice FoFi)
  4754 | D:4      | Reached skill level 9 in Summonings
  4874 | D:5      | Entered Level 5 of the Dungeon
  4917 | D:5      | Reached skill level 1 in Armour
  5533 | D:5      | Reached XP level 8. HP: 52/52 MP: 8/11
  5769 | D:5      | Reached skill level 1 in Axes
  6887 | D:6      | Reached skill level 10 in Summonings
  7015 | D:6      | Slain by an orc warrior

Vault maps used:
D:1:      dpeg_arrival_refuge
D:3:      uniq_grinder
D:5:      first_bread, minmay_ogre_servants
D:6:      tgw_xom

Skill      XL: |  1  2  3  4  5  6  7  8 |
---------------+-------------------------+-----
Summonings     | 5 7 8 9 10 | 10.1
Dodging        | 4 5 |  5.3
Armour         | 2 4 |  4.3
Axes           | 2 |  2.4
Stealth        | |  1.7
Spellcasting   | |  2.1

Action                   |  1- 3 |  4- 6 |  7- 9 || total
-------------------------+-------+-------+-------++-------
Melee: Unarmed           |    15 |       |       ||    15
       Dagger            |    39 |       |       ||    39
       Hand axe          |    57 |    63 |   136 ||   256
 Cast: Summon Small Mamm |    30 |     7 |    19 ||    56
       Call Imp          |     9 |     8 |    14 ||    31
       Call Canine Famil |       |     7 |    17 ||    24
       Summon Guardian G |       |       |     1 ||     1
  Use: Scroll            |       |     5 |     3 ||     8
       Potion            |       |     2 |     2 ||     4
 Stab: Sleeping          |     3 |       |       ||     3
       Distracted        |     1 |     1 |       ||     2
  Eat: Chunk             |     6 |     6 |    12 ||    24
       Fruit             |       |       |     2 ||     2
Armor: Robe              |    28 |       |       ||    28
       Leather armour    |    11 |    25 |     3 ||    39
       Scale mail        |       |       |    75 ||    75
Dodge: Dodged            |    92 |    64 |    82 ||   238
